 Dungeon Crawl Stone Soup version 0.29-a0-72-g1732ff48e7 (webtiles) character file.

Game seed: 9157387934356704789

730 grumblor the Chopper (level 7, -5/37 HPs)
             Began as a Vine Stalker Fighter on Feb 3, 2022.
             Slain by a wyvern zombie (7 damage)
             ... on level 5 of the Dungeon.
             The game lasted 00:05:08 (3686 turns).

grumblor the Chopper (Vine Stalker Fighter)         Turns: 3686, Time: 00:05:09

Health: -5/37      AC:  8    Str: 27    XL:     7   Next: 73%
Magic:  0/8        EV: 10    Int:  8    God:
Gold:   181        SH:  5    Dex: 13    Spells: 6/6 levels left

rFire   . . .      SeeInvis .   a - +1 war axe
rCold   . . .      Faith    .   c - +0 buckler
rNeg    . . .      Spirit   +   b - +0 scale mail
rPois   .          Reflect  .   n - +0 helmet
rElec   .          Harm     .   (no cloak)
rCorr   .          Rampage  .   (no gloves)
Will    .....                   (no boots)
Stlth   ..........              (no amulet)
HPRegen 0.92/turn               f - +6 ring of strength
MPRegen 0.11/turn               (no ring)

@: no status effects
A: fangs 2, regeneration 1, magic shield, antimagic bite, no potion heal 2
a: no special abilities


You were on level 5 of the Dungeon.
You visited 1 branch of the dungeon, and saw 5 of its levels.

You collected 181 gold pieces.

Inventory:

Hand Weapons
 a - a +1 war axe (weapon)
Armour
 b - a +0 scale mail (worn)
 c - a +0 buckler (worn)
 n - a +0 helmet (worn)
Jewellery
 f - a +6 ring of strength (left hand)
Wands
 m - a wand of paralysis (1)
 o - a wand of flame (23)
Scrolls
 g - a scroll of teleportation
Potions
 d - 4 potions of might
 e - 2 potions of mutation
 i - 4 potions of curing
 j - 2 potions of heal wounds {unknown}
 k - 2 potions of haste {unknown}
 l - 2 potions of invisibility {unknown}


   Skills:
 * Level 4.2 Fighting
 + Level 4.8 Axes
 + Level 3.7 Armour
 * Level 2.5 Dodging
 + Level 3.5 Shields


You had 6 spell levels left.
You didn't know any spells.
Your spell library contained the following spells:

 Spells                   Type           Power      Damage    Failure   Level
 Ozocubu's Armour         Ice            0%         N/A       98%         3
 Ozocubu's Refrigeration  Ice            0%         4d5       100%        7


Dungeon Overview and Level Annotations

Branches:
Dungeon (5/15)
 Temple: D:4-7

Altars:

Shops:
D:3 *


Innate Abilities, Weirdness & Mutations

You have extremely sharp teeth.
Your natural rate of healing is unusually fast.
When hurt, damage is shared between your health and your magic reserves.
Your bite disrupts and absorbs the magic of your enemies.
Potions cannot restore your health.


Message History

You slash the bullfrog!
You kill the bullfrog!
You slash the ogre! You bite the ogre. You drain its power.
The ogre is heavily wounded.
The ogre hits you with a +0 giant club!!
* * * LOW HITPOINT WARNING * * *
You barely miss the ogre. Your bite misses the ogre.
The ogre is heavily wounded.
The ogre barely misses you.
You see here a bullfrog corpse.
You barely miss the ogre.
The ogre is heavily wounded.
The ogre closely misses you.
You slash the ogre! You bite the ogre. You drain its power.
You feel invigorated.
The ogre is almost dead.
You block the ogre's attack.
You hit the ogre.
You kill the ogre!
The wyvern zombie barely misses you.
You hit the wyvern zombie but do no damage.
You bite the wyvern zombie. You drain its power.
The wyvern zombie is lightly damaged.
The wyvern zombie barely misses you. The wyvern zombie bites you!
You slash the wyvern zombie! Your bite misses the wyvern zombie.
The wyvern zombie is moderately damaged.
You block the wyvern zombie's attack. The wyvern zombie bites you.
You hit the wyvern zombie but do no damage.
The wyvern zombie is moderately damaged.
You block the wyvern zombie's attack.
You hit the wyvern zombie.
The wyvern zombie is moderately damaged.
The wyvern zombie bites you! The wyvern zombie bites you.
* * * LOW HITPOINT WARNING * * *
You slash the wyvern zombie!
The wyvern zombie is severely damaged.
The wyvern zombie bites you!
* * * LOW HITPOINT WARNING * * *
The wyvern zombie bites you!
You die...

###.### #.##
###...#######.####
######.................
##.........#######..###.
........#### #.###..
..........########<....#
.#....................##
......#.###...........#
..#####@# ##..........#
.. #Z####........<...
...#####.........######..
..........#.####....# .#
.........##.# #..... .
..!..................
.......##...### ...
###.... ....... ...
#.#..#.......


You could see a wyvern zombie.

Vanquished Creatures
  Sigmund (D:2)
  Edmund (D:4)
  2 ogres
  A bullfrog (D:5)
  An iguana (D:4)
  Terence (D:2)
  A hound skeleton (D:5)
  Robin (D:3)
  7 adders
  A worm (D:2)
  3 dart slugs
  6 bats
  7 endoplasms
  3 giant cockroaches
  21 goblins
  4 hobgoblins
  4 jackals (D:1)
  8 kobolds
  2 quokkas
  3 ball pythons
  A frilled lizard (D:1)
  3 rats
82 creatures vanquished.

Notes
Turn   | Place    | Note
-------+----------+-------------------------------------------
     0 | D:1      | grumblor the Vine Stalker Fighter began the quest for the
                  | Orb.
     0 | D:1      | Reached XP level 1. HP: 11/11 MP: 2/2
    17 | D:1      | Noticed a minotaur skeleton
   118 | D:1      | Reached XP level 2. HP: 4/16 MP: 3/3
   812 | D:1      | Found a faded altar of an unknown god.
   985 | D:2      | Reached XP level 3. HP: 19/19 MP: 4/4
  1238 | D:2      | Reached skill level 1 in Dodging
  1521 | D:2      | Noticed Terence
  1531 | D:2      | Killed Terence
  1532 | D:2      | Gained mutation: Your natural rate of healing is unusually
                  | fast. [Vine Stalker growth]
  1532 | D:2      | Reached XP level 4. HP: 6/24 MP: 1/5
  1625 | D:2      | Noticed Sigmund
  1665 | D:2      | Killed Sigmund
  1666 | D:2      | Reached XP level 5. HP: 4/28 MP: 1/6
  1845 | D:2      | Reached XP level 6. HP: 32/32 MP: 7/7
  2116 | D:3      | Found Fufuaz's General Store.
  2648 | D:3      | Noticed Robin
  2661 | D:3      | Killed Robin
  3002 | D:4      | Noticed Edmund
  3034 | D:4      | Killed Edmund
  3035 | D:4      | Reached XP level 7. HP: 13/36 MP: 4/8
  3614 | D:5      | Entered Level 5 of the Dungeon
  3686 | D:5      | Slain by a wyvern zombie

Illustrated notes

Levels and vault maps discovered:
D:1:      shiori_arrival_whats_in_store_for_you, layout_rooms,
          shapermc_ecumenical_altar_ellora, corner_web_ring,
          kennysheep_minor_cross
D:2:      layout_basic, uniq_sigmund, uniq_terence
D:3:      layout_basic, serial_shops, nicolae_shop_trees, uniq_robin
D:4:      layout_basic, uniq_edmund
D:5:      layout_rooms, minmay_temple_entry_fiery, uniq_crazy_yiuf_cottage

Skill      XL: |  1  2  3  4  5  6  7 |
---------------+----------------------+-----
Axes           | 2 3 4 |  4.8
Fighting       | 3 4 |  4.2
Dodging        | 1 2 |  2.5
Shields        | 3 |  3.5
Armour         | 3 |  3.7

Action                   |  1- 3 |  4- 6 |  7- 9 || total
-------------------------+-------+-------+-------++-------
Melee: War axe           |    80 |   133 |    28 ||   241
       Bite              |    13 |    30 |    11 ||    54
Evoke: Wand              |       |     6 |     1 ||     7
  Use: Scroll            |     5 |     3 |     1 ||     9
       Potion            |       |     1 |       ||     1
 Stab: Paralysed         |       |     5 |       ||     5
Armor: Scale mail        |    38 |    63 |     8 ||   109
Dodge: Dodged            |    44 |    59 |    13 ||   116
Block: Buckler           |    23 |    30 |     7 ||    60

Table legend: (Time is in decaauts)
 A = Elapsed time spent in this place.
 B = Non-inter-level travel time spent in this place.
 C = Inter-level travel time spent in this place.
 D = Time resting spent in this place.
 E = Time spent auto-exploring this place.
 F = Levels seen in this place.
 G = Mean time per level.
                   A        B        C        D        E       F      G
               +--------+--------+--------+--------+--------+-----+--------+
         Total |   3778 |   3712 |     66 |    305 |   2722 |   5 |  755.6 |
       Dungeon |   3778 |   3712 |     66 |    305 |   2722 |   5 |  755.6 |
               +--------+--------+--------+--------+--------+-----+--------+

Top non-repeatable levels by time:
     D:2: 1120 daAuts
     D:1: 984 daAuts
     D:3: 802 daAuts
     D:4: 795 daAuts
     D:5: 76 daAuts
